 Dungeon Crawl Stone Soup version 0.24-a0-118-g3d66cf40a6 (webtiles) character file.

Game seed: 0

2540 MrRokkomies the Thaumaturge (level 9, -1/97 HPs)
             Began as a Gnoll Wanderer on Feb 19, 2019.
             Was an Initiate of Gozag.
             Slain by a killer bee (3 damage)
             ... on level 7 of the Dungeon.
             The game lasted 00:29:40 (7791 turns).

MrRokkomies the Thaumaturge (Gnoll Wanderer)        Turns: 7791, Time: 00:29:41

Health: -1/97      AC: 24    Str: 17    XL:     9   Next: 55%
Magic:  23/24      EV:  2    Int: 16    God:    Gozag
Gold:   651        SH: 10    Dex: 19    Spells: 16/31 levels left

rFire    . . .     SeeInvis .   x - +3 broad axe
rCold    . . .     Gourm    .   B - +0 shield
rNeg     + + +     Faith    .   (armour currently unavailable)
rPois    +         Spirit   .   (helmet currently unavailable)
rElec    .         Reflect  .   (cloak currently unavailable)
rCorr    .         Harm     .   (gloves currently unavailable)
MR       +....     NoTele   +   (boots currently unavailable)
Stlth    ++++......             (no amulet)
HPRegen  0.26/turn              i - +2 ring of evasion
MPRegen  0.19/turn              y - ring of protection from magic

@: agile, lethally poisoned (-1 -> -6), tree-form
A: distributed training, strong nose
a: Potion Petition, Call Merchant, Bribe Branch, Renounce Religion


You were on level 7 of the Dungeon.
You worshipped Gozag.
Gozag was pleased with you.
You were not hungry.
You were a tree.
You visited 2 branches of the dungeon, and saw 9 of its levels.
You also visited: Sewer.

You collected 1945 gold pieces.
You spent 480 gold pieces at shops.
You paid 814 gold pieces to Gozag.

Inventory:

Hand Weapons
 a - a +1 short sword of flaming
 e - a +1 vampiric rapier
 l - a +4 quarterstaff of chaos
 o - a +1 mace of venom
 x - a +3 broad axe (weapon)
Missiles
 u - 10 tomahawks (quivered)
 C - 20 poisoned needles
Armour
 d - a +0 robe (melded)
 m - a +0 cloak (melded)
 s - a +0 helmet (melded)
 B - a +0 shield (worn)
 E - the cursed +0 pair of gloves "Hurcho" (melded) {*Corrode rElec Regen+ Int+4}
   (You found it on level 6 of the Dungeon)

   It affects your intelligence (+4).
   It insulates you from electricity.
   It increases your rate of regeneration.
   It may corrode you when you take damage.
   It has a curse placed upon it.
Jewellery
 i - a +2 ring of evasion (left branch)
 y - a ring of protection from magic (right branch)
 H - an uncursed ring of fire
Wands
 w - a wand of flame (24)
Scrolls
 g - 2 scrolls of magic mapping
 j - 2 scrolls of remove curse
 p - 2 scrolls of teleportation
 v - a scroll of amnesia
 z - a scroll of fog
 I - a scroll of immolation
Potions
 c - 5 potions of might
 h - a potion of haste {unknown}
 k - a potion of ambrosia {unknown}
 n - 3 potions of flight
 q - a potion of invisibility {unknown}
 r - 2 potions of brilliance
 t - a potion of curing {unknown}
 G - a potion of lignification
Miscellaneous
 D - a lightning rod (4/4)
Comestibles
 f - 14 rations


   Skills:
 + Level 4.2 Fighting
 + Level 4.2 Short Blades
 + Level 4.2 Long Blades
 + Level 4.2 Axes
 + Level 4.2 Maces & Flails
 + Level 4.2 Polearms
 + Level 4.2 Staves
 + Level 4.2 Slings
 + Level 4.2 Bows
 + Level 4.2 Crossbows
 + Level 5.0 Throwing
 + Level 4.2 Armour
 + Level 4.2 Dodging
 + Level 4.9 Stealth
 + Level 4.2 Shields
 + Level 4.2 Unarmed Combat
 + Level 11.9 Spellcasting
 + Level 3.5 Conjurations
 + Level 4.2 Hexes
 + Level 3.5 Charms
 + Level 3.5 Summonings
 + Level 3.5 Necromancy
 + Level 3.5 Translocations
 + Level 3.5 Transmutations
 + Level 3.5 Fire Magic
 + Level 3.5 Ice Magic
 + Level 4.2 Air Magic
 + Level 3.5 Earth Magic
 + Level 4.2 Poison Magic
 + Level 4.7 Invocations
 + Level 4.2 Evocations


You had 16 spell levels left.
You knew the following spells:

 Your Spells              Type           Power        Failure   Level  Hunger
a - Sting                 Conj/Pois      ###.         6%          1    None
b - Poisonous Vapours     Pois/Air       ###...       8%          2    None
c - Apportation           Tloc           ###...       7%          1    None
d - Mephitic Cloud        Conj/Pois/Air  ###.....     17%         3    None
e - Olgreb's Toxic Radia  Pois           ###.....     45%         4    ##.....
f - Static Discharge      Conj/Air       ###.....     19%         3    None
g - Confusing Touch       Hex            ###...       5%          1    None

Your spell library contained the following spells:

 Spells                   Type           Power        Failure   Level  Hunger
 Corona                   Hex            ###....      5%          1    None
 Magic Dart               Conj           ###.         7%          1    None
 Slow                     Hex            ###.....     8%          2    None
 Confuse                  Hex            ###.....     16%         3    None
 Inner Flame              Hex/Fire       ###.....     19%         3    None
 Portal Projectile        Hex/Tloc       ###...       19%         3    None
 Gell's Gravitas          Tloc           ###.......   21%         3    None
 Lesser Beckoning         Tloc           ###.......   21%         3    None
 Cause Fear               Hex            ###.......   45%         4    ##.....
 Leda's Liquefaction      Hex/Erth       ###.......   52%         4    ##.....
 Petrify                  Tmut/Erth      ###.....     56%         4    ##.....
 Metabolic Englaciation   Hex/Ice        ###.......   86%         5    #####..
 Venom Bolt               Conj/Pois      ###.......   86%         5    #####..
 Yara's Violent Unravell  Hex/Tmut       ###.......   86%         5    #####..


Dungeon Overview and Level Annotations

Branches:
Dungeon (8/15)             Temple (1/1) D:4
   Lair: D:8-11

Altars:
Ashenzari
Dithmenos
Elyvilon
Fedhas
Gozag
Hepliaklqana
Kikubaaqudgha
Makhleb
Nemelex Xobeh
Okawaru
Qazlal
Ru
Sif Muna
Trog
Uskayaw
Vehumet
Xom
Yredelemnul
Zin
The Shining One
Beogh

Shops:
D:7 }(

Annotations:
D:6 1 runed translucent door, hemabe's ghost, novice HuAr
D:7 3 runed translucent doors, elum's ghost, novice GnSk


Innate Abilities, Weirdness & Mutations

Your experience applies equally to all skills.
((You have very sharp teeth.))
Your uncanny sense of smell can sniff out nearby items.


Message History

The killer bee is almost dead.
You feel sick. You block the killer bee's attack. x2
You miss the killer bee.
The killer bee is almost dead.
You feel sick. The killer bee barely misses you. The killer bee misses you.
The killer bee stings you.
* * * LOW HITPOINT WARNING * * *
It was a potion of lignification.
You turn into a tree.
Your +0 cloak melds into your body.
Your +0 helmet melds into your body.
The cursed +0 pair of gloves "Hurcho" {*Corrode rElec Regen+ Int+4} melds into your body.
Your +0 robe melds into your body.
Your roots penetrate the ground.
* * * LOW HITPOINT WARNING * * *
You feel sick.
The killer bee stings you but does no damage. x2
It was a potion of agility.
You feel agile all of a sudden.
* * * LOW HITPOINT WARNING * * *
You feel sick. You block the killer bee's attack. The killer bee stings you.
You die...
Your body crumbles into a pile of gold.

###############
#...y7....<...########
#####.#######...(..)))(..#
#..............##))#####.#
#.###.######...##..#####..
#.# #.# ####.............#
#.# #.# #.................
#.# #.# #.##....#..##..#.#
#.# #.# #.##..#.##.##..#.#
#.# #.# #.##)...##.#...#..


You could see a killer bee.

Vanquished Creatures
  Sigmund (D:3)
  Edmund (D:4)
  An orc warrior (D:7)
  2 phantoms
  3 ice beasts
  3 ogres
  A centaur (D:7)
  4 bullfrogs
  3 killer bees
  A howler monkey (D:4)
  A crimson imp (D:7)
  A bullfrog zombie (D:4)
  2 orc priests (D:7)
  2 hounds (D:7)
  A quasit (D:7)
  Crazy Yiuf (D:2)
  An orc wizard (D:4)
  A bullfrog skeleton (D:4)
  A centaur skeleton (D:4)
  5 iguanas
  7 worker ants
  A worker ant zombie (D:4)
  3 gnolls (D:5)
  12 adders
  A shadow imp (D:7)
  2 oozes
  3 adder skeletons
  An adder zombie (D:5)
  5 worms
  A dart slug (D:2)
  4 leopard geckos
  14 orcs
  15 bats
  13 giant cockroaches
  7 goblins
  9 hobgoblins
  15 jackals
  2 quokkas
  3 ball pythons
  7 frilled lizards
  A giant cockroach zombie (D:5)
  A jackal skeleton (D:4)
  A jackal zombie (D:6)
  7 kobolds
  26 rats
197 creatures vanquished.

Notes
Turn   | Place    | Note
-------+----------+-------------------------------------------
     0 | D:1      | Reached skill level 11 in Spellcasting
     0 | D:1      | MrRokkomies the Gnoll Wanderer began the quest for the Orb.
     0 | D:1      | MrRokkomies set off with the following items: a +0 robe, a
                  | +0 club, a ration; and the following spells available to
                  | memorise: Sting, Poisonous Vapours, Apportation, Magic
                  | Dart, Mephitic Cloud, Static Discharge, Lesser Beckoning,
                  | Olgreb's Toxic Radiance, Venom Bolt
     0 | D:1      | Reached XP level 1. HP: 13/13 MP: 12/12
   199 | D:1      | Learned a level 1 spell: Sting
   289 | D:1      | Reached XP level 2. HP: 19/19 MP: 14/14
   340 | D:1      | Learned a level 2 spell: Poisonous Vapours
   364 | D:1      | Learned a level 1 spell: Apportation
   663 | D:1      | Reached XP level 3. HP: 25/25 MP: 15/15
  1179 | D:2      | Reached skill level 1 in Invocations
  1493 | D:2      | Reached skill level 1 in Fighting
  1493 | D:2      | Reached skill level 1 in Short Blades
  1493 | D:2      | Reached skill level 1 in Long Blades
  1493 | D:2      | Reached skill level 1 in Axes
  1493 | D:2      | Reached skill level 1 in Maces & Flails
  1493 | D:2      | Reached skill level 1 in Polearms
  1493 | D:2      | Reached skill level 1 in Staves
  1493 | D:2      | Reached skill level 1 in Slings
  1493 | D:2      | Reached skill level 1 in Bows
  1493 | D:2      | Reached skill level 1 in Crossbows
  1493 | D:2      | Reached skill level 1 in Armour
  1493 | D:2      | Reached skill level 1 in Dodging
  1493 | D:2      | Reached skill level 1 in Shields
  1493 | D:2      | Reached skill level 1 in Unarmed Combat
  1493 | D:2      | Reached skill level 1 in Evocations
  1710 | D:2      | Reached XP level 4. HP: 24/32 MP: 17/17
  1846 | D:2      | Found a runed translucent door.
  1847 | D:2      | Noticed Crazy Yiuf
  2020 | D:2      | Killed Crazy Yiuf
  2114 | D:3      | Found a glowing drain.
  2120 | D:3      | Reached skill level 1 in Conjurations
  2120 | D:3      | Reached skill level 1 in Charms
  2120 | D:3      | Reached skill level 1 in Summonings
  2120 | D:3      | Reached skill level 1 in Necromancy
  2120 | D:3      | Reached skill level 1 in Translocations
  2120 | D:3      | Reached skill level 1 in Transmutations
  2120 | D:3      | Reached skill level 1 in Fire Magic
  2120 | D:3      | Reached skill level 1 in Ice Magic
  2120 | D:3      | Reached skill level 1 in Earth Magic
  2132 | Sewer    | Entered a sewer
  2394 | Sewer    | Reached XP level 5. HP: 37/37 MP: 18/18
  2598 | D:3      | Noticed Sigmund
  2607 | D:3      | Killed Sigmund
  2607 | D:3      | Reached XP level 6. HP: 24/44 MP: 15/20
  3408 | D:4      | Learned a level 3 spell: Mephitic Cloud
  3413 | D:4      | Learned a level 4 spell: Olgreb's Toxic Radiance
  3417 | D:4      | Learned a level 3 spell: Static Discharge
  3523 | D:4      | Found a staircase to the Ecumenical Temple.
  3527 | D:4      | Reached XP level 7. HP: 50/50 MP: 21/21
  3813 | D:4      | Noticed Edmund
  3835 | D:4      | Killed Edmund
  4405 | D:4      | Reached XP level 8. HP: 55/57 MP: 23/23
  4755 | Temple   | Entered the Ecumenical Temple
  4942 | Temple   | Became a worshipper of Gozag Ym Sagoz the Greedy
  5182 | D:5      | Entered Level 5 of the Dungeon
  5732 | D:5      | Found a shadowy altar of Dithmenos.
  5732 | D:5      | Found a blossoming altar of Fedhas.
  5733 | D:5      | Found a hide-covered altar of Uskayaw.
  6078 | D:5      | Found the -2 hat of the Alchemist {rElec rPois rF+ rC+ rN+
                  | MR+ rMut rCorr}
  6085 | D:5      | Found a sparkling altar of Nemelex Xobeh.
  6248 | D:5      | Learned a level 1 spell: Confusing Touch
  6353 | D:6      | Got a pair of heavily runed gloves
  6359 | D:6      | Identified the cursed +0 pair of gloves "Hurcho" {*Corrode
                  | rElec Regen+ Int+4} (You found it on level 6 of the
                  | Dungeon)
  6570 | D:6      | Found a shimmering altar of Xom.
  6606 | D:6      | Found a runed translucent door.
  6606 | D:6      | Found a shimmering altar of Xom.
  6606 | D:6      | Noticed hemabe's ghost (novice HuAr)
  6606 | D:6      | Noticed a +0 falchion of chaos
  6770 | D:7      | Reached XP level 9. HP: 49/65 MP: 24/24
  7098 | D:7      | Found Tiobyas's Weapon Shoppe.
  7180 | D:7      | Identified a scroll of acquirement
  7200 | D:7      | Found a runed translucent gate.
  7202 | D:7      | Found a runed translucent gate.
  7202 | D:7      | Found a runed translucent gate.
  7204 | D:7      | Noticed elum's ghost (novice GnSk)
  7207 | D:7      | Found a roughly hewn altar of Beogh.
  7207 | D:7      | Identified the cursed +1 chain mail of Muttered Phrases
                  | {rElec Stlth+}
  7288 | D:7      | Found a stormy altar of Qazlal.
  7536 | D:7      | Bought a lightning rod (4/4) for 480 gold pieces
  7691 | D:7      | Reached skill level 5 in Throwing
  7789 | D:7      | HP: 2/65 [killer bee (6)]
  7791 | D:7      | Slain by a killer bee

Levels and vault maps discovered:
D:1:      dpeg_arrival_boxes_within_box, layout_basic
D:2:      layout_rooms, minmay_rat_hole, uniq_crazy_yiuf_cottage
D:3:      layout_basic, portal_sewer_entry_f, first_ration, uniq_sigmund
D:4:      minmay_wonky_spiral, layout_gridville, minmay_temple_entry_tees,
          minmay_fractal_squares_5, uniq_edmund
D:5:      layout_loops_ring, gammafunk_temple_overflow_claw, lemuel_doored_altar
D:6:      layout_rooms, ebering_ghost_xom, xom_teletrap_fun
D:7:      layout_loops_ring, overflow_temple_1_default, serial_shops,
          nicolae_shop_competitors_out_of_business, biasface_ghost_orc_armoury
D:8:      layout_rooms, gammafunk_temple_overflow_pools, basic_altar,
          corner_web_ring, kennysheep_generic_room_4
Temple:   regret_index_temple_waves
Sewer:    sewer_fruit_machine

Skill      XL: |  1  2  3  4  5  6  7  8  9 |
---------------+----------------------------+-----
Spellcasting   | | 11.9
Hexes          | 2 3 4 |  4.2
Air Magic      | 2 3 4 |  4.2
Poison Magic   | 2 3 4 |  4.2
Invocations    | 1 2 3 4 |  4.7
Fighting       | 1 2 3 4 |  4.2
Short Blades   | 1 2 3 4 |  4.2
Long Blades    | 1 2 3 4 |  4.2
Axes           | 1 2 3 4 |  4.2
Maces & Flails | 1 2 3 4 |  4.2
Polearms       | 1 2 3 4 |  4.2
Staves         | 1 2 3 4 |  4.2
Slings         | 1 2 3 4 |  4.2
Bows           | 1 2 3 4 |  4.2
Crossbows      | 1 2 3 4 |  4.2
Armour         | 1 2 3 4 |  4.2
Dodging        | 1 2 3 4 |  4.2
Shields        | 1 2 3 4 |  4.2
Unarmed Combat | 1 2 3 4 |  4.2
Evocations     | 1 2 3 4 |  4.2
Conjurations   | 1 2 3 |  3.5
Charms         | 1 2 3 |  3.5
Summonings     | 1 2 3 |  3.5
Necromancy     | 1 2 3 |  3.5
Translocations | 1 2 3 |  3.5
Transmutations | 1 2 3 |  3.5
Fire Magic     | 1 2 3 |  3.5
Ice Magic      | 1 2 3 |  3.5
Earth Magic    | 1 2 3 |  3.5
Throwing       | 3 4 5 |  5.0
Stealth        | 3 4 |  4.9

Action                   |  1- 3 |  4- 6 |  7- 9 || total
-------------------------+-------+-------+-------++-------
Melee: Club              |    23 |       |       ||    23
       Short sword       |    81 |     4 |       ||    85
       Bite              |     2 |     9 |    39 ||    50
       Quarterstaff      |       |   120 |    48 ||   168
       Rapier            |       |       |   125 ||   125
       Broad axe         |       |       |   191 ||   191
       Punch             |       |       |     1 ||     1
Throw: Tomahawk          |       |       |    15 ||    15
 Cast: Sting             |    10 |       |     5 ||    15
       Poisonous Vapours |       |     5 |    15 ||    20
       Static Discharge  |       |       |     1 ||     1
       Mephitic Cloud    |       |       |     2 ||     2
Invok: Call Merchant     |       |       |     1 ||     1
Evoke: Wand              |       |       |     9 ||     9
  Use: Scroll            |     4 |     6 |    13 ||    23
       Potion            |       |       |     5 ||     5
 Stab: Sleeping          |     7 |     6 |     3 ||    16
       Distracted        |       |     1 |     3 ||     4
       Paralysed         |       |     3 |       ||     3
       Confused          |       |     1 |     2 ||     3
  Eat: Chunk             |     2 |     6 |     3 ||    11
       Ration            |       |       |     5 ||     5
Armor: Robe              |    17 |    37 |    79 ||   133
       Skin              |       |       |     2 ||     2
Dodge: Dodged            |    49 |   123 |   305 ||   477
Block: Shield            |       |       |   159 ||   159

Table legend:
 A = Non-vault XP
 B = Vault XP
 C = Vault XP percentage of total XP
 D = Non-vault monster count
 E = Vault monster count
 F = Vault count percentage of total count
                 A         B        C        D         E       F
            +---------+---------+-------+---------+---------+-------
      Total |    3045 |     584 |  16.1 |     151 |      46 |  23.4
            +---------+---------+-------+---------+---------+-------
        D:1 |      41 |       0 |   0.0 |      24 |       0 |   0.0
        D:2 |      27 |      60 |  69.0 |      11 |      20 |  64.5
        D:3 |      79 |     249 |  75.9 |      29 |       4 |  12.1
        D:4 |     707 |     242 |  25.5 |      28 |       7 |  20.0
        D:5 |     357 |       0 |   0.0 |      14 |       0 |   0.0
        D:6 |     461 |       0 |   0.0 |       9 |       0 |   0.0
        D:7 |    1253 |       0 |   0.0 |      34 |       0 |   0.0
        D:8 |     120 |       0 |   0.0 |       2 |       0 |   0.0
      Sewer |       0 |      33 | 100.0 |       0 |      15 | 100.0
            +---------+---------+-------+---------+---------+-------
